 Dungeon Crawl Stone Soup version 0.30.1-3-gfc49f6343a (webtiles) character file.

Game seed: 3822431511738753655

21 Peloso the Trooper (level 2, -3/27 HPs)
             Began as a Minotaur Fighter on Aug 1, 2023.
             Frozen to death by an endoplasm (5 damage)
             ... on level 3 of the Dungeon.
             The game lasted 00:01:45 (1446 turns).

Peloso the Trooper (Minotaur Fighter)               Turns: 1446, Time: 00:01:46

Health: -3/27      AC:  7    Str: 20    XL:     2   Next: 65%
Magic:  1/1        EV:  6    Int:  5    God:
Gold:   71         SH: 11    Dex:  9    Spells: 1/1 levels left

rFire   . . .        a - +0 long sword
rCold   . . .        d - +0 tower shield
rNeg    . . .        b - +0 scale mail
rPois   .            (helmet restricted)
rElec   .            (no cloak)
rCorr   .            (no gloves)
SInv    .            (no boots)
Will    .....        (no amulet) Stlth
                     (no ring)
HPRegen 0.24/turn    (no ring)
MPRegen 0.07/turn

%: no passive effects
@: lethally poisoned (-3 -> -8)
A: horns 2, retaliatory headbutt
a: no special abilities


You were on level 3 of the Dungeon.
You visited 1 branch of the dungeon, and saw 3 of its levels.

You collected 71 gold pieces.

Inventory:

Hand Weapons
 a - a +0 long sword (weapon)
Armour
 b - a +0 scale mail (worn)
 c - a +0 buckler
 d - a +0 tower shield (worn)
Scrolls
 g - 2 scrolls of identify
 j - a scroll of noise
Potions
 e - a potion of might
 f - a potion of mutation {unknown}


   Skills:
 + Level 4.1 Fighting
 + Level 2.8 Long Blades
 + Level 3.9 Armour
 + Level 0.4 Dodging
 + Level 3.8 Shields


You had one spell level left.
You didn't know any spells.
Your spell library was empty.

Dungeon Overview and Level Annotations

Branches:
Dungeon (3/15)

Altars:

Annotations:
D:2 Sigmund


Innate Abilities, Weirdness & Mutations

You have a pair of horns on your head.
You reflexively headbutt those who attack you in melee.


Message History

You closely miss the adder.
The adder is heavily wounded.
The adder bites you but does no damage. You block the endoplasm's attack.
The adder bites you but does no damage. You block the endoplasm's attack.
Unknown command.
You closely miss the adder.
The adder is heavily wounded.
You block the adder's attack. The adder bites you but does no damage.
The endoplasm freezes you.
You are frozen.
The adder bites you.
You are poisoned.
The adder poisons you!
You closely miss the adder.
The adder is heavily wounded.
You feel sick.
The endoplasm hits you but does no damage.
The adder bites you.
* * * LOW HITPOINT WARNING * * *
You are lethally poisoned!
The adder poisons you!
The endoplasm hits you but does no damage.
You block the adder's attack.
You miss the adder.
The adder is heavily wounded.
* * * LOW HITPOINT WARNING * * *
You feel very sick. You block the adder's attack. The endoplasm freezes you.
You are frozen.
* * * LOW HITPOINT WARNING * * *
You block the adder's attack.
You hit the adder.
The adder is severely wounded.
* * * LOW HITPOINT WARNING * * *
You feel sick.
The endoplasm hits you but does no damage.
You block the adder's attack. The endoplasm freezes you.
You are frozen.
You die...

## ...... ..
..... #. .... # .
... .# .#.. ..# #
#.. [... #####.
#S# .J... ..
......###@#.[....
#.
...~......J.....#
#.
'~#~~##.###.....#
. ~ ##~#..#
###### .~~.
#~#..# .. #
~~~~~~#~~..#
#...###
.....~###~.#
#....
.~_..~.~#~##
#####
~##~~#~~8~.# #


You could see an adder and an endoplasm.

Vanquished Creatures
  A worm (D:3)
  2 endoplasms
  3 giant cockroaches
  3 hobgoblins
  A quokka (D:3)
  3 ball pythons
  A frilled lizard (D:2)
  A kobold (D:1)
  A rat (D:2)
  A spectral kobold (D:3)
17 creatures vanquished.

Notes
Turn   | Place    | Note
-------+----------+-------------------------------------------
     0 | D:1      | Peloso the Minotaur Fighter began the quest for the Orb.
     0 | D:1      | Reached XP level 1. HP: 19/19 MP: 0/0
   776 | D:2      | Noticed Sigmund
  1183 | D:2      | Reached XP level 2. HP: 27/27 MP: 1/1
  1265 | D:3      | Reached skill level 4 in Fighting
  1354 | D:3      | Found a faded altar of an unknown god.
  1446 | D:3      | Frozen to death by an endoplasm

Illustrated notes

Levels and vault maps discovered:
D:1:      noname_arrival_rooms_in_the_neighbourhood, layout_loops_cross
D:2:      layout_basic, uniq_sigmund
D:3:      layout_rooms, dreamdust_ecumenical_altar_drowned_temple

Skill      XL: |  1  2 |
---------------+-------+-----
Fighting       | 4 |  4.1
Long Blades    | |  2.8
Armour         | |  3.9
Dodging        | |  0.4
Shields        | |  3.8

Action                     || total
---------------------------++-------
  Melee: Long sword        ||    49
         Headbutt          ||     6
    Use: Potion            ||     4
         Scroll            ||     1
 Armour: Scale mail        ||    33
  Dodge: Dodged            ||    15
  Block: Tower shield      ||    45
         Buckler           ||     1
